 Dungeon Crawl Stone Soup version 0.28.0-53-g5a82cb258f (webtiles) character file.

Game seed: 14490768411756415474

99 Ashen the Chiller (level 4, -1/32 HPs)
             Began as a Demonspawn Ice Elementalist on Aug 13, 2022.
             Slain by an orc
             ... wielding a +0 flail
              (4 damage)
             ... on level 3 of the Dungeon.
             The game lasted 00:05:13 (2372 turns).

Ashen the Chiller (Demonspawn Ice Elementalist)     Turns: 2372, Time: 00:05:14

Health: -1/32      AC:  5    Str:  8    XL:     4   Next: 45%
Magic:  1/7        EV: 12    Int: 19    God:
Gold:   19         SH:  0    Dex: 13    Spells: 7/8 levels left

rFire   . . .      SeeInvis .   k - +0 quarterstaff
rCold   . . .      Faith    .   (shield currently unavailable)
rNeg    . . .      Spirit   .   n - +0 leather armour
rPois   .          Reflect  .   b - +0 helmet
rElec   .          Harm     .   (no cloak)
rCorr   .          Rampage  .   d - +0 pair of gloves
Will    .....                   (no boots)
Stlth   ++........              (no amulet)
HPRegen 0.10/turn               (no ring)
MPRegen 0.10/turn               (no ring)

@: no status effects
A: ignite blood 1, sturdy frame 1, weakness stinger 1
a: no special abilities


You were on level 3 of the Dungeon.
You visited 1 branch of the dungeon, and saw 3 of its levels.

You collected 19 gold pieces.

Inventory:

Hand Weapons
 k - a +0 quarterstaff (weapon)
Armour
 b - a +0 helmet (worn)
 d - a +0 pair of gloves (worn)
 n - a +0 leather armour (worn)
Wands
 p - a wand of polymorph (8)
Scrolls
 e - 2 scrolls of identify {unknown}
 l - a scroll of brand weapon {unknown}
 o - a scroll of blinking {unknown}
Potions
 a - a potion of heal wounds {unknown}
 c - a potion of berserk rage {unknown}
 f - a potion of ambrosia {unknown}
 g - 2 potions of mutation {unknown}
 h - a potion of attraction {unknown}
 i - a potion of flight {unknown}
 j - 2 potions of curing {unknown}
 m - a potion of might {unknown}


   Skills:
 + Level 1.6 Fighting
 + Level 2.4 Dodging
 + Level 2.5 Stealth
 + Level 2.6 Spellcasting
 + Level 4.0 Ice Magic


You had 7 spell levels left.
You knew the following spells:

 Your Spells              Type           Power      Damage    Failure   Level
a - Freeze                Ice            68%        1d8       3%          1

Your spell library contained the following spells:

 Spells                   Type           Power      Damage    Failure   Level
 Frozen Ramparts          Ice            34%        1d5       10%         3
 Ozocubu's Armour         Ice            17%        N/A       10%         3
 Animate Skeleton         Necr           4%         N/A       17%         1
 Pain                     Necr           8%         1d4       17%         1
 Vampiric Draining        Necr           2%         2d6       45%         3
 Hailstorm                Conj/Ice       10%        3d5       58%         4


Dungeon Overview and Level Annotations

Branches:
Dungeon (3/15)

Altars:
Uskayaw


Innate Abilities, Weirdness & Mutations

Your demonic aura sometimes causes spilled blood to erupt in flames.
Your movements are slightly less encumbered by armour. (ER -2)
You have a small tail.


Message History

Casting: Freeze (safe; 3% risk of failure)
Confirm with . or Enter, or press ? or * to list all spells.
Aiming: Freeze (safe; 3% risk of failure)
Press: ? - help, Shift-Dir - straight line, f - orc
Aim: an orc, wielding a +0 flail (heavily wounded)
You freeze the orc.
The orc is severely wounded.
The orc hits you with a +0 flail.
* * * LOW HITPOINT WARNING * * *
An orc comes into view. It is wielding a +0 club.
There is an open door here.
There is an open door here.
Casting: Freeze (safe; 3% risk of failure)
Confirm with . or Enter, or press ? or * to list all spells.
Aiming: Freeze (safe; 3% risk of failure)
Press: ? - help, Shift-Dir - straight line, f/p - orc
Aim: an orc, wielding a +0 flail (severely wounded)
You miscast Freeze.
You are very lightly contaminated with residual magic.
Nothing appears to happen.
The orc hits you but does no damage.
Casting: Freeze (safe; 3% risk of failure)
Confirm with . or Enter, or press ? or * to list all spells.
Aiming: Freeze (safe; 3% risk of failure)
Press: ? - help, Shift-Dir - straight line, f/p - orc
Aim: an orc, wielding a +0 flail (severely wounded)
You freeze the orc!
You kill the orc!
Casting: Freeze (safe; 3% risk of failure)
Confirm with . or Enter, or press ? or * to list all spells.
Aiming: Freeze (safe; 3% risk of failure)
Press: ? - help, Shift-Dir - straight line, f - orc
Aim: an orc, wielding a +0 flail You freeze the orc.
The orc is heavily wounded.
The orc hits you with a +0 flail!
* * * LOW HITPOINT WARNING * * *
Your magical contamination has completely faded away.
There is a stone staircase leading up here.
The orc hits you with a +0 flail.
You die...

#...... ### #....##........# ...
........###....##.)......# ..#
#...#.#.#.#.#.##...†....#
..####..............#........#
.........#.#.#.#.#.##........####
...................o.............
......[###.#.#.#.#.#..#####......
.......##........o....# #......
.........#.#.#.#@#.#..# #......
.......#..............# #......
...[...###.#.#.#.#.#..# #......
.......##.............# #######
.......###.#.#.#.#(#..# .......#
##....#.###### ######## #......#
########


You could see 2 orcs.

Vanquished Creatures
  Jessica (D:2)
  An adder (D:3)
  A worm (D:3)
  A dart slug (D:1)
  3 orcs (D:3)
  6 endoplasms
  2 giant cockroaches
  A goblin (D:2)
  5 hobgoblins
  5 jackals
  5 kobolds
  3 quokkas
  9 ball pythons
  3 bats
  4 frilled lizards
  4 rats
54 creatures vanquished.

Notes
Turn   | Place    | Note
-------+----------+-------------------------------------------
     0 | D:1      | Ashen the Demonspawn Ice Elementalist began the quest for
                  | the Orb.
     0 | D:1      | Reached XP level 1. HP: 13/13 MP: 3/3
   253 | D:1      | Gained mutation: Your demonic aura sometimes causes spilled
                  | blood to erupt in flames. [demonic ancestry]
   253 | D:1      | Reached XP level 2. HP: 5/20 MP: 0/5
  1333 | D:2      | Reached skill level 1 in Fighting
  1358 | D:2      | Gained mutation: You have a small tail. [demonic ancestry]
  1358 | D:2      | Reached XP level 3. HP: 26/26 MP: 6/6
  1509 | D:2      | Found a hide-covered altar of Uskayaw.
  1918 | D:2      | Noticed Jessica
  1929 | D:2      | Killed Jessica
  1930 | D:2      | Gained mutation: Your movements are slightly less
                  | encumbered by armour. (ER -2) [demonic ancestry]
  1930 | D:2      | Reached XP level 4. HP: 16/32 MP: 1/7
  2152 | D:3      | Reached skill level 4 in Ice Magic
  2360 | D:3      | HP: 1/32 [orc/+0 flail (7)]
  2372 | D:3      | Slain by an orc

Illustrated notes

Levels and vault maps discovered:
D:1:      ebering_trefoil_twist, layout_basic
D:2:      layout_basic, basic_altar, minmay_bisected, uniq_jessica
D:3:      layout_basic, st_stairs_10, minmay_goblin_outpost

Skill      XL: |  1  2  3  4 |
---------------+-------------+-----
Stealth        | 2 |  2.5
Dodging        | 2 |  2.4
Fighting       | 1 |  1.6
Ice Magic      | 4 |  4.0
Spellcasting   | |  2.6

Action                   |  1- 3 |  4- 6 || total
-------------------------+-------+-------++-------
Melee: Unarmed           |    19 |       ||    19
       Quarterstaff      |    23 |    20 ||    43
       Tailslap          |     3 |     1 ||     4
 Cast: Freeze            |    49 |    19 ||    68
 Stab: Sleeping          |     5 |     1 ||     6
Armor: Robe              |    23 |       ||    23
       Leather armour    |       |     8 ||     8
Dodge: Dodged            |    72 |    19 ||    91
